 Dungeon Crawl Stone Soup version 0.31-a0-214-gb37851dbb3 (webtiles) character file.

Game seed: 4821083133907408494

135 qw the Chopper (level 5, -1/32 HPs)
             Began as a Gargoyle Fighter on July 1, 2023.
             Slain by a worm (8 damage)
             ... on level 2 of the Dungeon.
             The game lasted 00:00:32 (1013 turns).

qw the Chopper (Gargoyle Fighter)                   Turns: 1013, Time: 00:00:32

Health: -1/32      AC: 10    Str: 27    XL:     5   Next: 18%
Magic:  5/5        EV:  9    Int:  9    God:
Gold:   57         SH:  4    Dex:  9    Spells: 4/4 levels left

rFire   . . .        Y - +0 war axe (venom)
rCold   . . .        c - +0 buckler
rNeg    + . .        b - +0 scale mail
rPois   inf          (no helmet)
rElec   +            (no cloak)
rCorr   .            (no gloves)
SInv    .            (no boots)
Will    .....        (no amulet) Stlth
                     n - +6 ring of strength
HPRegen 0.25/turn    (no ring)
MPRegen 0.09/turn

%: no passive effects
@: no status effects
A: sickness immunity, AC +4, negative energy resistance 1, electricity
resistance, torment resistance 1, petrification resistance
a: no special abilities


You were on level 2 of the Dungeon.
You visited 1 branch of the dungeon, and saw 2 of its levels.

You collected 57 gold pieces.


Innate Abilities, Weirdness & Mutations

You are immune to sickness and miasma.
Your stone body is resilient. (AC +4)
You are immune to poison.
You resist negative energy. (rN+)
You are resistant to electric shocks. (rElec)
You are resistant to unholy torment.
You are immune to petrification.


   Skills:
 - Level 3.2 Fighting
 + Level 4.5 Axes
 - Level 1.1 Throwing
 - Level 3.2 Armour
 - Level 3.2 Shields


You had 4 spell levels left.
You didn't know any spells.
Your spell library was empty.

Inventory:

Hand Weapons
 m - a +0 flail
 Y - a +0 war axe of venom (weapon)
Missiles
 e - a silver javelin (quivered)
Armour
 b - a +0 scale mail (worn)
 c - a +0 buckler (worn)
Jewellery
 n - a +6 ring of strength (left hand)
Potions
 d - 2 potions of might
 g - a potion of lignification {unknown}
 h - a potion of invisibility {unknown}
 j - a potion of brilliance {unknown}

Dungeon Overview and Level Annotations

Branches:
Dungeon (2/15)

Altars:


Message History

You kill the goblin!
Natasha claws you!
Natasha stares at you and mumbles some strange words.
You resist with some effort.
You barely miss Natasha. You hit the quokka but do no damage.
The quokka is poisoned.
The quokka bites you.
Natasha stares at you and mumbles some strange words.
The magic dart hits you. You block the quokka's attack.
You hit Natasha.
Natasha is poisoned.
Natasha is lightly wounded.
You hit the quokka.
You kill the quokka!
Natasha misses you.
You barely miss Natasha.
Natasha is moderately wounded.
Natasha barely misses you. Natasha claws you.
You barely miss Natasha.
Natasha is moderately wounded.
Natasha barely misses you.
You barely miss Natasha.
Natasha is heavily wounded.
Natasha barely misses you.
You hit Natasha.
Natasha looks as sick as possible!
Natasha is almost dead.
You slash the worm!
The worm is poisoned.
You hit the worm.
You kill Natasha!
Natasha yowls pathetically as she dies!
You block the worm's attack.
You have reached level 5!
You hit the worm.
The worm is severely wounded.
You slash the worm!
The worm looks as sick as possible!
The worm bites you but does no damage. The worm bites you.
You hit the worm.
The worm looks as sick as possible!
The worm is severely wounded.
You hit the worm.
The worm looks as sick as possible!
You kill the worm!
The worm bites you!
You die...

....... ....... ....... .......
.......## ........# ###
.......)# ###.#
......w@#######.%.#
..(((...........#.#
#######..########.#
##.##.....#.## #.##.....#..#
#.##.....##.#
####.##.....##.###
##############..)))^.....##...#
%................).......####.#


You could see a worm (extremely poisoned).

Vanquished Creatures
  Natasha (D:2)
  5 gnolls
  An adder (D:2)
  3 worms (D:2)
  A dart slug (D:1)
  4 ball pythons
  9 endoplasms
  2 hobgoblins (D:1)
  5 jackals (D:1)
  2 quokkas (D:2)
  2 bats
  2 frilled lizards (D:1)
  A goblin (D:2)
  3 kobolds (D:1)
  5 rats (D:1)
46 creatures vanquished.

Notes
Turn   | Place    | Note
-------+----------+-------------------------------------------
     0 | D:1      | qw the Gargoyle Fighter began the quest for the Orb.
     0 | D:1      | Reached XP level 1. HP: 14/14 MP: 1/1
     0 | D:1      | 0 ||| qw: Version: 0.3-a-32-g5962c71
     0 | D:1      | 0 ||| qw: Game counter: 7513
     0 | D:1      | 0 ||| qw: Melee chars always use a shield: true
     0 | D:1      | 0 ||| qw: God list: Okawaru
     0 | D:1      | 0 ||| qw: Allow faded altars: false
     0 | D:1      | 0 ||| qw: Do Orc after clearing Dungeon:15 true
     0 | D:1      | 0 ||| qw: Do second Lair branch before Depths: true
     0 | D:1      | 0 ||| qw: Lair rune preference: random
     0 | D:1      | 0 ||| qw: Goals: Normal, Zot:1-4, Slime:5, God:TSO, Crypt,
                  | Tomb, Abyss, Pan, Hells, Win
     0 | D:1      | 0 ||| PLANNING D:1-11
    42 | D:1      | 42 ||| Stepping ~*~*~tactically~*~*~ (stealth).
    46 | D:1      | Reached skill level 2 in Axes
   153 | D:1      | Reached XP level 2. HP: 18/19 MP: 2/2
   172 | D:1      | 172 ||| Stepping ~*~*~tactically~*~*~ (hiding).
   463 | D:1      | 463 ||| Stepping ~*~*~tactically~*~*~ (stealth).
   470 | D:1      | Reached skill level 3 in Axes
   520 | D:1      | Reached XP level 3. HP: 23/23 MP: 3/3
   537 | D:1      | Reached skill level 1 in Throwing
   537 | D:1      | 537 ||| Stepping ~*~*~tactically~*~*~ (stealth).
   542 | D:1      | 542 ||| Stepping ~*~*~tactically~*~*~ (stealth).
   571 | D:1      | 571 ||| DROPPING +2 mace of draining.
   778 | D:1      | 778 ||| UPGRADING to +6 ring of strength.
   779 | D:1      | 779 ||| READING scroll labelled UHOTIQ ALIMP.
   784 | D:1      | 784 ||| READING 2 scrolls labelled MECVICZICI.
   785 | D:1      | 785 ||| READING scroll labelled DAZUCW QOUQAX.
   786 | D:1      | 786 ||| READING scroll labelled AVASOPN SOUNUL.
   787 | D:1      | 787 ||| READING scroll labelled TUASTR ATAA.
   788 | D:1      | 788 ||| DROPPING scroll of fog.
   877 | D:2      | 877 ||| Stepping ~*~*~tactically~*~*~ (stealth).
   879 | D:2      | 879 ||| Stepping ~*~*~tactically~*~*~ (hiding).
   885 | D:2      | Reached XP level 4. HP: 18/28 MP: 4/4
   891 | D:2      | Reached skill level 4 in Axes
  1001 | D:2      | Noticed Natasha
  1008 | D:2      | HP: 7/28 [Natasha (6)]
  1011 | D:2      | Killed Natasha
  1012 | D:2      | Reached XP level 5. HP: 10/32 MP: 5/5
  1013 | D:2      | Slain by a worm

Levels and vault maps discovered:
D:1:      roderic_chinese_lattice_arrival, layout_loops_ring, hex_medium
D:2:      layout_rooms, chequers_serial_rivers_marsh, minmay_tetromino_s2,
          uniq_natasha

Skill      XL: |  1  2  3  4 |
---------------+-------------+-----
Axes           | 2 3 4 |  4.5
Throwing       | 1 |  1.1
Fighting       | |  3.2
Armour         | |  3.2
Shields        | |  3.2

Action                     |  1- 3 |  4- 6 || total
---------------------------+-------+-------++-------
  Melee: War axe           |    55 |    22 ||    77
  Throw: Javelin           |    30 |     2 ||    32
    Use: Scroll            |     5 |       ||     5
 Armour: Scale mail        |    31 |     8 ||    39
  Dodge: Dodged            |    27 |    11 ||    38
  Block: Buckler           |     9 |     5 ||    14

Table legend:
 A = Non-vault XP
 B = Vault XP
 C = Vault XP percentage of total XP
 D = Non-vault monster count
 E = Vault monster count
 F = Vault count percentage of total count
                 A         B        C        D         E       F
            +---------+---------+-------+---------+---------+-------
      Total |     161 |      37 |  18.7 |      45 |       1 |   2.2
            +---------+---------+-------+---------+---------+-------
        D:1 |      60 |       0 |   0.0 |      28 |       0 |   0.0
        D:2 |     101 |      37 |  26.8 |      17 |       1 |   5.6
            +---------+---------+-------+---------+---------+-------
